 Dungeon Crawl Stone Soup version 0.30-a0-365-ge7f957f1db (webtiles) character file.

Game seed: 309426281172688239

28 Ahpoh the Slasher (level 3, -2/30 HPs)
             Began as a Ghoul Gladiator on Nov 17, 2022.
             Slain by Natasha (4 damage)
             ... on level 2 of the Dungeon.
             The game lasted 00:02:32 (1113 turns).

Ahpoh the Slasher (Ghoul Gladiator)                 Turns: 1113, Time: 00:02:32

Health: -2/30      AC:  7    Str: 17    XL:     3   Next: 12%
Magic:  2/2        EV: 11    Int:  5    God:
Gold:   113        SH:  0    Dex: 10    Spells: 2/2 levels left

rFire   . . .      SeeInvis .    a - +0 long sword
rCold   + . .      Faith    .    (no shield)
rNeg    + + +      Spirit   .    m - +0 ring mail
rPois   ∞          Reflect  .    c - +0 helmet
rElec   .          Harm     .    (no cloak)
rCorr   .          Rampage  .    o - +0 pair of gloves
Will    .....                    (no boots)
Stlth   ..........               (no amulet)
HPRegen 0.00/turn                (no ring)
MPRegen 0.08/turn                (no ring)

@: inhibited regen
A: claws 1, cold resistance 1, negative energy resistance 3, inhibited
regeneration, torment resistance 2, devour on kill
a: no special abilities


You were on level 2 of the Dungeon.
You visited 1 branch of the dungeon, and saw 2 of its levels.

You collected 113 gold pieces.

Inventory:

Hand Weapons
 a - a +0 long sword (weapon)
Missiles
 d - 3 throwing nets (quivered)
 e - a javelin
Armour
 b - a +0 leather armour
 c - a +0 helmet (worn)
 m - a +0 ring mail (worn)
 o - a +0 pair of gloves (worn)
Jewellery
 n - a +4 ring of protection
Scrolls
 h - 2 scrolls of identify {unknown}
 k - a scroll of enchant weapon {unknown}
Potions
 f - a potion of lignification {unknown}
 g - a potion of might {unknown}
 i - a potion of flight {unknown}
 j - a potion of ambrosia {unknown}
 l - a potion of haste {unknown}
 p - a potion of curing {unknown}


   Skills:
 + Level 2.4 Fighting
 + Level 3.2 Long Blades
 + Level 1.9 Throwing
 + Level 3.1 Dodging


You had 2 spell levels left.
You didn't know any spells.
Your spell library contained the following spells:

 Spells                   Type           Power      Damage    Failure   Level
 Magic Dart               Conj           0%         1d3       69%         1
 Searing Ray              Conj           0%         2d4       83%         2
 Fulminant Prism          Conj/Hex       0%         3d5       100%        4


Dungeon Overview and Level Annotations

Branches:
Dungeon (2/15)

Altars:

Annotations:
D:2 Natasha


Innate Abilities, Weirdness & Mutations

You are immune to poison.
You have sharp fingernails.
Your flesh is cold resistant. (rC+)
You are immune to negative energy. (rN+++)
You do not regenerate when monsters are visible.
You are immune to unholy pain and torment.
You thrive by killing the living.


Message History

Natasha barely misses you.
You closely miss Natasha. The shadow imp completely misses you.
A goblin comes into view. It is wielding a +0 dagger of speed.
Natasha claws you but does no damage.
The shadow imp hits you but does no damage.
Natasha claws you.
The goblin moves out of view.
You barely miss Natasha.
The shadow imp hits you but does no damage.
Natasha barely misses you. The shadow imp hits you.
Natasha claws you but does no damage.
You closely miss Natasha.
The goblin shouts!
The shadow imp hits you.
* * * LOW HITPOINT WARNING * * *
Natasha claws you but does no damage. The shadow imp barely misses you.
Natasha claws you.
* * * LOW HITPOINT WARNING * * *
You slash Natasha! Your punch misses Natasha.
Natasha is severely wounded.
The shadow imp hits you but does no damage.
Natasha misses you. The shadow imp closely misses you.
You hit Natasha but do no damage.
Natasha is severely wounded.
Natasha completely misses you. The shadow imp closely misses you.
Natasha claws you but does no damage.
The shadow imp hits you but does no damage.
You closely miss Natasha.
Natasha is severely wounded.
You feel yourself speed up. Natasha claws you.
* * * LOW HITPOINT WARNING * * *
The shadow imp hits you but does no damage.
A kobold comes into view. It is wielding a +0 short sword.
Natasha closely misses you.
You barely miss Natasha.
Natasha is severely wounded.
The shadow imp hits you.
* * * LOW HITPOINT WARNING * * *
The goblin hits you but does no damage. Natasha claws you.
You die...

.. ....# . ..#.# .... .
. #.#.# ...... .. #K
#...##........#
...#.##...##........##.
......................
..#...g.............##
......h@.!...........
##......5)..........###
#...............##....
.....................#
....................#..
###....................
#...............##...
#...............# ..
###...###..#.<..# .


You could see Natasha, a shadow imp (summoned), a goblin and a kobold.

Vanquished Creatures
  A dart slug (D:1)
  A ball python (D:1)
  2 endoplasms
  3 giant cockroaches (D:1)
  2 goblins (D:1)
  3 hobgoblins (D:1)
  2 kobolds (D:1)
  A quokka (D:1)
  A bat (D:1)
  3 frilled lizards (D:1)
  4 rats
23 creatures vanquished.

Notes
Turn   | Place    | Note
-------+----------+-------------------------------------------
     0 | D:1      | Ahpoh the Ghoul Gladiator began the quest for the Orb.
     0 | D:1      | Reached XP level 1. HP: 17/17 MP: 0/0
   159 | D:1      | Reached XP level 2. HP: 10/24 MP: 1/1
   916 | D:1      | Reached XP level 3. HP: 23/30 MP: 2/2
  1100 | D:2      | Noticed Natasha
  1113 | D:2      | Slain by Natasha

Illustrated notes

Levels and vault maps discovered:
D:1:      dpeg_arrival_water_temple_mockup, layout_basic, minmay_parallelograms
D:2:      layout_rooms, uniq_natasha, uniq_crazy_yiuf_cottage

Skill      XL: |  1  2 |
---------------+-------+-----
Long Blades    | 3 |  3.2
Dodging        | 3 |  3.1
Fighting       | |  2.4
Throwing       | |  1.9

Action                   || total
-------------------------++-------
Melee: Long sword        ||    73
       Punch             ||     1
Armor: Leather armour    ||    19
       Ring mail         ||    25
Dodge: Dodged            ||    71

Table legend: (Time is in decaauts)
 A = Elapsed time spent in this place.
 B = Non-inter-level travel time spent in this place.
 C = Inter-level travel time spent in this place.
 D = Time resting spent in this place.
 E = Time spent auto-exploring this place.
 F = Levels seen in this place.
 G = Mean time per level.
                   A        B        C        D        E       F      G
               +--------+--------+--------+--------+--------+-----+--------+
         Total |   1135 |   1123 |     12 |    166 |    601 |   2 |  567.5 |
       Dungeon |   1135 |   1123 |     12 |    166 |    601 |   2 |  567.5 |
               +--------+--------+--------+--------+--------+-----+--------+

Top non-repeatable levels by time:
     D:1: 1101 daAuts
     D:2: 34 daAuts
